 Dungeon Crawl Stone Soup version 0.17.0-9-g801d43b (webtiles) character file.

6 HungrySpirit the Ruffian (level 1, -2/18 HPs)
             Began as a Naga Transmuter on Nov 9, 2015.
             Slain by a kobold (4 damage)
             ... on level 1 of the Dungeon.
             The game lasted 00:00:38 (632 turns).

HungrySpirit the Ruffian (Naga Transmuter)           Turns: 632, Time: 00:00:39

Health: -2/18      AC:  1    Str: 12    XL:     1   Next: 90%
Magic:  2/3        EV: 10    Int: 13    God:
Gold:   0          SH:  0    Dex: 11    Spells: 1 memorised, 3 levels left

rFire  . . .     SeeInvis +       - Unarmed
rCold  . . .     Clarity  .     b - +0 robe
rNeg   . . .     SustAt   .     (no shield)
rPois  +         Gourm    .     (no helmet)
rElec  .         Spirit   .     (no cloak)
rCorr  .         Warding  .     (no gloves)
rMut   .         Stasis   .     (no barding)
MR     .....                    (no amulet)
Stlth  +.........               (no ring)
                                (no ring)

@: appendage (expiring), very slow, not resistant to hostile enchantments, very
unstealthy
A: horns 2, see invisible, deformed body, poison resistance, slowness 2, slow
metabolism 1, spit poison 2, AC +0
a: Spit Poison, End Transformation


You were on level 1 of the Dungeon.
You were not hungry.
You had grown temporary horns.
You visited 1 branch of the dungeon, and saw 1 of its levels.

Inventory:

Missiles
 a - 12 arrows
Armour
 b - a +0 robe (worn)
Scrolls
 e - a scroll of identify {unknown}
 g - a scroll of remove curse {unknown}
 i - a scroll of fog {unknown}
Potions
 f - a potion of magic {unknown}
Books
 c - a book of Changes

   Spells                             Type                      Level
   a - Beastly Appendage              Transmutation                1
   b - Sticks to Snakes               Transmutation                2
   c - Spider Form                    Transmutation/Poison         3
   d - Ice Form                       Ice/Transmutation            4
   e - Blade Hands                    Transmutation                5
Comestibles
 d - a bread ration
 h - a beef jerky


   Skills:
 - Level 1.0 Fighting
 - Level 1.5 Dodging
 * Level 3.1 Unarmed Combat
 + Level 2.0 Spellcasting
 * Level 2.3 Transmutations


You had 3 spell levels left.
You knew the following spells:

 Your Spells              Type           Power        Failure   Level  Hunger
a - Beastly Appendage     Trmt           #.....       12%         1    ##.....


Dungeon Overview and Level Annotations

Branches:
Dungeon (1/15)

Altars:


Innate Abilities, Weirdness & Mutations

You cannot wear boots.
Your serpentine skin is tough (AC +0).
You have supernaturally acute eyesight.
Armour fits poorly on your strangely shaped body.
Your system is resistant to poisons.
You cover ground very slowly.
You have a slow metabolism.
You can spit poison.
You have a pair of horns on your head.


Message History

You barely miss the kobold. Your headbutt misses the kobold.
The kobold is heavily wounded.
The kobold barely misses you. The kobold hits you.
You barely miss the kobold.
The kobold is heavily wounded.
Your transformation is almost over.
The kobold barely misses you. The kobold hits you with a club.
The kobold blocks your attack.
The kobold is heavily wounded.
The kobold closely misses you. The kobold barely misses you.
The kobold blocks your attack.
You headbutt the kobold, but do no damage.
The kobold is heavily wounded.
The kobold barely misses you.
You barely miss the kobold. Your headbutt misses the kobold.
The kobold is heavily wounded.
The kobold hits you with a club.
* * * LOW HITPOINT WARNING * * *
The kobold hits you.
You die...

#..# #### #... #... ...#
... .#... ...# # ..#
.#..########## ...# #.
.. #.#..#........## ...#
#.#..#.##.#..#........#.
...#
#.........#..#........#.
...#######
#K#.#..#........#.
..†.......
#@K.#...........'.
##########
##..#.##........##
..###...#
#.>#.############
........# ##.#.......# #
..###...#
#####.#.#####.# # ###
##.##
#.............######
..###.).#
#.#.###.#.####..##....
........#
#.#.###'#.......##....
..###...#
#)#.##....###...##....


You could see 2 kobolds.

Vanquished Creatures
  A giant cockroach (D:1)
  A goblin (D:1)
  2 kobolds (D:1)
  A bat (D:1)
5 creatures vanquished.

Notes
Turn   | Place    | Note
--------------------------------------------------------------
     0 | D:1      | HungrySpirit the Naga Transmuter began the quest for the Orb.
     0 | D:1      | Reached XP level 1. HP: 18/18 MP: 3/3
   632 | D:1      | Slain by a kobold

Action                   || total
-------------------------++-------
Melee: Unarmed           ||    27
 Cast: Beastly Appendage ||     6
 Abil: Spit Poison       ||     1
